 Dungeon Crawl Stone Soup version 0.29.1-15-g9cfb28693d (webtiles) character file.

Game seed: 1792007885652565755

457520 LustLizard the Warrior (level 24, -6/226 HPs)
             Began as a Hill Orc Monk on Mar 7, 2023.
             Was the Champion of Beogh.
             Killed from afar by an orb of fire (35 damage)
             ... with a bolt of fire
             ... on level 5 of the Realm of Zot on Mar 9, 2023.
             The game lasted 03:01:34 (73569 turns).

LustLizard the Warrior (Hill Orc Monk)             Turns: 73569, Time: 03:01:34

Health: -6/226     AC: 46    Str: 26    XL:     24   Next: 10%
Magic:  42/42      EV: 11    Int: 19    God:    Beogh [******]
Gold:   7337       SH: 25    Dex: 18    Spells: 13/36 levels left

rFire   + . .      SeeInvis .   Z - +6 broad axe "Talofoku" {vorpal, rC+ Will+}
rCold   + + .      Faith    .   o - +5 kite shield
rNeg    . . .      Spirit   .   F - +9 scales of the Dragon King {rPois rF+ rC+ Will+}
rPois   +          Reflect  +   s - +2 helmet
rElec   +          Harm     .   V - +1 cloak of the Watchman {Str+5}
rCorr   .          Rampage  .   y - +1 pair of gloves "Kide" {Int+3 Slay+3}
Will    +++..                   W - +0 pair of boots of a sewer {rPois MP+9}
Stlth   ..........              U - amulet of reflection
HPRegen 0.47/turn               a - ring "Duwaitu" {rElec AC+4 Str+2 Dex+5}
MPRegen 0.28/turn               X - +4 ring of slaying

@: about to teleport, studying 4 skills
A: walk on water
}: 3/15 runes: decaying, silver, gossamer
a: Renounce Religion, Smiting, Recall Orcish Followers, Give Item to Named
Follower, Resurrection


You were on level 5 of the Realm of Zot.
You worshipped Beogh.
Beogh was exalted by your worship.
You visited 9 branches of the dungeon, and saw 47 of its levels.
You also visited: Ossuary, Gauntlet, Ice Cave and Wizlab.

You collected 9675 gold pieces.
You spent 2338 gold pieces at shops.

Inventory:

Hand Weapons
 q - the +0 war axe of Qaluckopt {vorpal, rElec}
   (You found it on level 5 of the Vaults)

   It inflicts extra damage upon your enemies.
   rElec:     It insulates you from electricity.
 z - the +0 great sword "Jomp" {vorpal, Fragile rElec Str+3}
   (You found it on level 1 of the Realm of Zot)

   It inflicts extra damage upon your enemies.
   Str:       It affects your strength (+3).
   rElec:     It insulates you from electricity.
   Fragile:   It will be destroyed if unequipped.
 D - the +6 trident of the Burning Saviour {vamp, Str+5}
   (You found it on level 5 of the Vaults)

   It occasionally heals its wielder for a portion of the damage dealt when it
   wounds a living foe.
   Str:       It affects your strength (+5).
 P - the +5 war axe of Turmoil {speed, Dex+4 Stlth+}
   (You found it on level 3 of the Elven Halls)

   Attacks with this weapon are significantly faster.
   Dex:       It affects your dexterity (+4).
   Stlth:     It makes you more stealthy.
 Z - the +6 broad axe "Talofoku" (weapon) {vorpal, rC+ Will+}
   (You found it on level 3 of the Lair of Beasts)

   It inflicts extra damage upon your enemies.
   rC:        It protects you from cold.
   Will:      It increases your willpower.
Armour
 o - a +5 kite shield (worn)
 s - a +2 helmet (worn)
 y - the +1 pair of gloves "Kide" (worn) {Int+3 Slay+3}
   (You acquired it on level 5 of the Lair of Beasts)

   Int:       It affects your intelligence (+3).
   Slay:      It affects your accuracy & damage with ranged weapons and melee
   (+3).
 C - +12 gold dragon scales
 F - the +9 scales of the Dragon King (worn) {rPois rF+ rC+ Will+}
   (You found it on level 3 of the Elven Halls)

   rF:        It protects you from fire.
   rC:        It protects you from cold.
   rPois:     It protects you from poison.
   Will:      It increases your willpower.
 V - the +1 cloak of the Watchman (worn) {Str+5}
   (You found it in a Gauntlet)

   Str:       It affects your strength (+5).
 W - the +0 pair of boots of a sewer (worn) {rPois MP+9}
   (You found it on level 2 of the Lair of Beasts)

   rPois:     It protects you from poison.
   MP:        It affects your magic capacity (+9).
Jewellery
 a - the ring "Duwaitu" (left hand) {rElec AC+4 Str+2 Dex+5}
   (You acquired it on level 3 of the Depths)

   [ring of protection]

   AC:        It affects your AC (+4).
   Str:       It affects your strength (+2).
   Dex:       It affects your dexterity (+5).
   rElec:     It insulates you from electricity.
 e - a ring of flight
 B - a ring of see invisible
 H - the ring of Huano Ameot {Wiz rF- rC+ Str+7 Dex+3}
   (You found it on level 4 of the Vaults)

   [ring of wizardry]

   It improves your spell success rate.
   Str:       It affects your strength (+7).
   Dex:       It affects your dexterity (+3).
   rF:        It makes you vulnerable to fire.
   rC:        It protects you from cold.
 K - the ring "Rilaptij" {Fire *Corrode rN++ Slay+2}
   (You found it on level 4 of the Lair of Beasts)

   [ring of fire]

   It enhances your fire magic.
   Slay:      It affects your accuracy & damage with ranged weapons and melee
   (+2).
   rF:        It protects you from fire.
   rC:        It makes you vulnerable to cold.
   rN:        It greatly protects you from negative energy.
   *Corrode:  It may corrode you when you take damage.
 T - the ring "Besus" {Will+ rCorr MP+9}
   (You found it on level 3 of the Elven Halls)

   [ring of magical power]

   MP:        It affects your magic capacity (+9).
   rCorr:     It protects you from acid and corrosion.
   Will:      It increases your willpower.
 U - an amulet of reflection (around neck)
 X - a +4 ring of slaying (right hand)
Wands
 w - a wand of flame (40)
 A - a wand of iceblast (27)
 I - a wand of polymorph (4)
 O - a wand of charming (25) (quivered)
 Q - a wand of acid (16)
Scrolls
 j - 20 scrolls of teleportation
 k - 2 scrolls of blinking
 m - 7 scrolls of fear
 r - 5 scrolls of silence
 t - 10 scrolls of immolation
 u - 3 scrolls of enchant armour
 E - 16 scrolls of magic mapping
 L - a scroll of brand weapon
 N - 10 scrolls of fog
Potions
 c - 7 potions of ambrosia
 d - 7 potions of mutation
 f - 6 potions of magic
 g - 13 potions of might
 h - 10 potions of curing
 i - 8 potions of resistance
 l - 7 potions of brilliance
 x - 10 potions of flight
 G - 7 potions of lignification
 J - 3 potions of invisibility
 M - 6 potions of cancellation
 R - 4 potions of berserk rage
 Y - 7 potions of haste
Miscellaneous
 b - a phantom mirror (inert)
 n - a box of beasts (inert)
 p - a lightning rod (4/4)
 S - a phial of floods


   Skills:
 - Level 20.7 Fighting
 - Level 18.9 Axes
 + Level 19.1 Armour
 - Level 11.4 Dodging
 - Level 1.5 Stealth
 + Level 16.5 Shields
 - Level 6.8 Spellcasting
 * Level 18.7 Summonings
 - Level 3.0 Transmutations
 - Level 4.0 Earth Magic
 - Level 10.0 Invocations
 - Level 18.5 Evocations


You had 13 spell levels left.
You knew the following spells:

 Your Spells              Type           Power      Damage    Failure   Level
a - Statue Form           Tmut/Erth      13%        N/A       100%        6
b - Airstrike             Air            3%         2d(1-17)  100%        4
c - Summon Hydra          Summ           33%        N/A       67%         7
d - Summon Cactus Giant   Summ           33%        N/A       17%         6

Your spell library contained the following spells:

 Spells                   Type           Power      Damage    Failure   Level
 Summon Small Mammal      Summ           100%       N/A       1%          1
 Call Imp                 Summ           67%        N/A       1%          2
 Call Canine Familiar     Summ           67%        N/A       1%          3
 Summon Guardian Golem    Hex/Summ       42%        N/A       16%         3
 Sandblast                Erth           42%        2d11      43%         1
 Summon Lightning Spire   Summ/Air       42%        N/A       47%         4
 Passwall                 Tmut/Erth      16%        N/A       65%         2
 Sting                    Tmut/Pois      48%        1d5       80%         1
 Summon Forest            Summ/Tloc      21%        N/A       83%         5
 Summon Mana Viper        Hex/Summ       42%        N/A       83%         5
 Apportation              Tloc           12%        N/A       95%         1
 Foxfire                  Conj/Fire      24%        2x1d5     95%         1
 Magic Dart               Conj           24%        1d4       95%         1
 Shock                    Conj/Air       24%        1d4       95%         1
 Blink                    Tloc           12%        N/A       98%         2
 Ensorcelled Hibernation  Hex/Ice        12%        N/A       98%         2
 Poisonous Vapours        Pois/Air       12%        N/A       98%         2
 Searing Ray              Conj           12%        2d4       98%         2
 Static Discharge         Conj/Air       6%         3-4/arc   98%         2
 Sublimation of Blood     Necr           6%         N/A       98%         2
 Stone Arrow              Conj/Erth      28%        3d8       98%         3
 Ignite Poison            Fire/Tmut/Pois 10%        N/A       99%         3
 Spider Form              Tmut/Pois      12%        N/A       99%         3
 Petrify                  Tmut/Erth      20%        N/A       99%         4
 Confusing Touch          Hex            6%         N/A       100%        3
 Conjure Flame            Conj/Fire      6%         6-21      100%        3
 Dazzling Flash           Conj/Hex       12%        N/A       100%        3
 Inner Flame              Hex/Fire       6%         N/A       100%        3
 Lesser Beckoning         Tloc           6%         N/A       100%        3
 Mephitic Cloud           Conj/Pois/Air  6%         N/A       100%        3
 Ozocubu's Armour         Ice            6%         N/A       100%        3
 Swiftness                Air            6%         N/A       100%        3
 Anguish                  Hex/Necr       3%         N/A       100%        4
 Animate Dead             Necr           6%         N/A       100%        4
 Cause Fear               Hex            3%         N/A       100%        4
 Corpse Rot               Necr/Pois/Air  6%         N/A       100%        4
 Dispel Undead            Necr           6%         3d8       100%        4
 Flame Wave               Conj/Fire      6%         2d5       100%        4
 Fulminant Prism          Conj/Hex       3%         3d6       100%        4
 Iskenderun's Mystic Bla  Conj/Tloc      6%         2d4       100%        4
 Leda's Liquefaction      Hex/Erth       7%         N/A       100%        4
 Olgreb's Toxic Radiance  Pois           6%         N/A       100%        4
 Sticky Flame             Conj/Fire      6%         2d3       100%        4
 Agony                    Necr           6%         N/A       100%        5
 Alistair's Intoxication  Tmut/Pois      8%         N/A       100%        5
 Blade Hands              Tmut           9%         N/A       100%        5
 Borgnjor's Vile Clutch   Necr/Erth      7%         N/A       100%        5
 Fireball                 Conj/Fire      3%         3d4       100%        5
 Freezing Cloud           Conj/Ice/Air   3%         6-21      100%        5
 Irradiate                Conj/Tmut      6%         3d13      100%        5
 Iskenderun's Battlesphe  Conj           6%         2d6       100%        5
 Lee's Rapid Deconstruct  Erth           10%        3d9*      100%        5
 Lightning Bolt           Conj/Air       3%         1d14      100%        5
 Manifold Assault         Tloc           6%         N/A       100%        5
 Metabolic Englaciation   Hex/Ice        3%         N/A       100%        5
 Yara's Violent Unravell  Hex/Tmut       6%         3d5       100%        5
 Conjure Ball Lightning   Conj/Air       3%         3x3d6     100%        6
 Death Channel            Necr           3%         N/A       100%        6
 Eringya's Noxious Bog    Tmut/Pois      6%         N/A       100%        6
 Iron Shot                Conj/Erth      7%         9d2       100%        6
 Simulacrum               Ice/Necr       3%         N/A       100%        6
 Starburst                Conj/Fire      3%         6d3       100%        6
 Dragon Form              Tmut           9%         N/A       100%        7
 Enfeeble                 Hex            3%         N/A       100%        7
 Malign Gateway           Summ/Tloc      21%        N/A       100%        7
 Orb of Destruction       Conj           3%         9d5       100%        7
 Ozocubu's Refrigeration  Ice            3%         4d8       100%        7
 Spellforged Servitor     Conj/Summ      21%        N/A       100%        7
 Ignition                 Fire           3%         3d4       100%        8
 Maxwell's Capacitive Co  Air            3%         ∞         100%        8
 Summon Horrible Things   Summ           33%        N/A       100%        8
 Dragon's Call            Summ           33%        N/A       100%        9


Dungeon Overview and Level Annotations

Branches:
Dungeon (15/15)            Temple (0/1) D:7            Lair (5/5) D:11
  Swamp (4/4) Lair:3       Spider (4/4) Lair:2        Slime (0/5) Lair:5
    Orc (2/2) D:10            Elf (3/3) Orc:2        Vaults (5/5) D:13
  Crypt (0/3) Vaults:3     Depths (4/4) D:15            Zot (5/5) Depths:4
Ossuary (visited)           IceCv (visited)          WizLab (visited)
Gauntlet (visited)

Altars:
Ashenzari
Dithmenos
Elyvilon
Fedhas
Gozag
Hepliaklqana
Makhleb
Nemelex Xobeh
Okawaru
Qazlal
Trog
Uskayaw
Vehumet
Xom
Yredelemnul
Zin
Beogh
Jiyva

Shops:
D:3 ?   D:9 (   Orc:2 :*[*(   Vaults:5 =   Depths:3 !

Portals:
Hell: Depths:1 Depths:2 Depths:3 Depths:4
Abyss: Depths:2 Depths:3
Pandemonium: Depths:2
Ziggurat: Depths:3

Annotations:
D:15 1 runed translucent door
Zot:5 3 runed translucent doors, AverageBear's ghost, legendary DsFi


Message History

The bolt of fire misses you.
Borgun hits the green draconian monk with a +1 eudemon blade of holy wrath!!!
The green draconian monk dies!
Beogh accepts your kill.
Something hits the moth of wrath!!!
The moth of wrath dies!
Beogh accepts your kill.
Your death cob closely misses the orb of fire.
The Killer Klown pies you viciously! The klown pie hits your catoblepas!!
Your catoblepas dies!
Your catoblepas's corpse disappears in a puff of smoke!
Your golden dragon bites the orb of fire!
Your golden dragon claws the orb of fire.
Your golden dragon tramples the orb of fire but does no damage.
The black draconian is engulfed in calcifying dust.
Your death cob hits the orb of fire!
Your death cob closely misses the orb of fire.
The orb of fire glows bright magenta.
The bolt of fire hits you but does no damage.
The orb of fire emits a lurid red light.
The bolt of fire hits the orb of fire.
The orb of fire completely resists.
The bolt of fire hits you! You resist.
* * * LOW HITPOINT WARNING * * *
Your golden dragon breathes cold at the orb of fire.
The bolt of cold hits the orb of fire!
The orb of fire resists.
A bolt of fire appears from out of your range of vision.
Your elder weirdsting beast stings the orb of fire but does no damage.
Your death cob hits the orb of fire.
Your death cob drains the orb of fire's vigour!
The orb of fire seems to slow down.
Your death cob hits the orb of fire.
Your death cob drains the orb of fire's vigour!
The orb of fire seems to slow down.
The orb of fire glows deep purple.
The fireball explodes!
The fireball engulfs you!! You resist.
* * * LOW HITPOINT WARNING * * *
The Killer Klown tickles your orb of fire with a +8 club of electrocution.
The orb of fire glows yellow.
The bolt of fire hits you!! You resist.
You die...

##....[...........##.o§.##
*#^....§zoD......^..###...####
#..Hp...)**..........###§§^...
#........p..^........# ##..)..
#...^......*.........# #.....
#....................# ##.o..
#....".)...H.........# #..(.
#....................# ##...^
*#...........@......## #.....
##.....^..........## ##.....
**,,.........^^.## #......
▓##*#############▓▓▓▓#######
##.## #..........###.###.
#...# #..........'....###
#o### #......?...##...... #o#
#..........##.##### #.#
#..........##.# #


You could see 2 orbs of fire, a Killer Klown (distracted, ally target), a
friendly orb of fire (summoned, drained), the friendly Borgun the orc warlord
(strong, poisoned), a friendly golden dragon (summoned, catching breath,
misshapen), a friendly death cob (summoned) and a friendly elder weirdsting
beast (summoned).

Vanquished Creatures
  A curse toe (Zot:2)
  2 Killer Klowns (Zot:5)
  2 golden dragons
  The ghost of cowcol the Conqueror, an adept MiFi of Okawaru (Elf:3)
  11 tentacled monstrosities
  9 Orb Guardians (Zot:5)
  A deep elf blademaster (Elf:3)
  2 quicksilver dragons
  2 deep elf master archers (Elf:3)
  A sphinx (Elf:2)
  A titan (Vaults:5)
  6 death cobs
  The ghost of Smersh616 the Warrior, an adept DrDe of Nemelex Xobeh (Elf:1)
  2 tengu reavers
  A draconian monk (Zot:2)
  2 shadow dragons
  4 frost giants
  4 draconian knights
  2 emperor scorpions
  2 fire giants (Depths:3)
  4 deep elf sorcerers
  8 vault wardens
  Louise (Elf:1)
  7 ghost moths
  2 draconian scorchers
  A draconian shifter (Zot:5)
  6 ironbound preservers
  2 deep elf elementalists (Elf:3)
  4 stone giants
  A very ugly thing (Vaults:2)
  A broodmother (shapeshifter) (Vaults:5)
  2 draconian annihilators (Zot:3)
  2 war gargoyles
  The ghost of Jiecrehi the Severer, a journeyman DDFi of Makhleb (D:15)
  A broodmother (Spider:3)
  3 vampire knights
  3 ironbound thunderhulks
  5 yellow draconians
  A lorocyproca (Depths:2)
  4 deep elf annihilators
  2 green draconians
  A black draconian (Depths:4)
  Nessos (Lair:4)
  An entropy weaver (Spider:1)
  A spark wasp (Spider:3)
  5 deep elf demonologists
  2 bunyips
  A purple draconian (Depths:4)
  3 dire elephants
  6 white draconians
  3 red draconians
  5 fire dragons
  3 ettins
  2 merfolk javelineers (Depths:3)
  8 yaktaur captains
  7 deep elf death magi
  A deep elf high priest (Elf:3)
  A great orb of eyes (Vaults:4)
  An ice dragon (Lair:4)
  3 rakshasas
  35 vault guards
  2 catoblepae
  A jorogumo (Spider:4)
  2 peacekeepers (Vaults:4)
  2 boulder beetles
  An ogre mage (WizLab)
  A two-headed ogre (D:8)
  2 ghost crabs
  3 hydras
  An anaconda (shapeshifter) (Depths:4)
  A centaur warrior (D:14)
  2 radroaches (Spider:4)
  18 dancing weapons
  A death knight (D:15)
  4 ironbound frosthearts (Vaults:3)
  An alligator (Swamp:3)
  7 death yaks
  3 deep troll shamans
  6 tengu warriors
  2 deep troll earth magi
  5 vampire magi (Depths:3)
  An orc high priest (Elf:3)
  6 hell knights
  A spriggan berserker (Depths:2)
  A sixfirhy (Depths:2)
  3 iron trolls
  20 deep elf knights
  3 fire crabs
  2 skeletal warriors (D:15)
  2 goliath frogs
  A spriggan druid (Swamp:3)
  2 glowing orange brains
  2 pharaoh ants (Spider:4)
  A sun moth (Spider:2)
  30 deep trolls
  A swamp dragon (Swamp:3)
  3 steelbarb worms
  A bog body (Swamp:2)
  9 ironbound convokers
  4 orb spiders
  9 deep elf archers
  3 wizards
  2 harpies (Elf:2)
  3 necromancers
  5 lindwurms
  3 orc knights
  3 phantasmal warriors
  23 deep elf pyromancers
  2 mana vipers (WizLab)
  10 wolf spiders
  20 deep elf zephyrmancers
  An oklob plant (Lair:4)
  20 ugly things
  A will-o-the-wisp (Swamp:1)
  An orc sorcerer (Orc:1)
  5 manticores
  A cyclops (D:12)
  A human skeleton (Vaults:3)
  2 elephants (shapeshifter) (Vaults:5)
  A stone giant skeleton (Vaults:3)
  10 moths of wrath
  9 elephants
  10 vault sentinels
  An eye of devastation (Vaults:4)
  An ice statue (Lair:2)
  A naga mage (D:15)
  2 black mambas (Lair:2)
  6 cane toads
  A torpor snail (Spider:2)
  4 demonic crawlers
  2 elf skeletons (Vaults:3)
  3 unseen horrors (Depths:3)
  2 rime drakes
  2 freezing wraiths (D:15)
  16 yaktaurs
  A rime drake (shapeshifter) (D:14)
  3 tengu conjurers
  A merfolk (shapeshifter) (Vaults:4)
  An elf zombie (Vaults:3)
  A bloated husk (Swamp:3)
  4 meliai
  3 large abominations (Depths:3)
  A polar bear (Lair:4)
  2 tyrant leeches
  A red devil (Depths:2)
  2 trolls
  9 tarantellas
  5 hornets
  A wolf spider simulacrum (D:15)
  A dream sheep (shapeshifter) (Elf:2)
  16 slime creatures
  A dream sheep (Lair:3)
  10 jumping spiders
  13 culicivoras
  9 spriggans
  A shadow (D:9)
  Sigmund (D:4)
  2 air elementals (Elf:3)
  3 fire elementals
  A centaur simulacrum (D:15)
  2 vampires
  A human (D:13)
  25 yaks
  5 water elementals
  5 wraiths
  5 fire bats
  Grum (Lair:1)
  A steam dragon (Swamp:4)
  A basilisk (Lair:1)
  21 redbacks
  A chaos spawn (D:11)
  5 vampire mosquitoes
  7 swamp worms
  6 wargs
  An acid dragon (D:7)
  A glowing shapeshifter skeleton (Vaults:3)
  9 water moccasins
  3 hell hounds
  4 swamp drakes
  A sky beast (D:8)
  2 black bears
  7 orc warriors
  3 ogres
  4 boggarts (D:15)
  5 wolves
  5 centaurs
  Blork the orc (D:4)
  A kobold brigand (D:10)
  2 small abominations (Depths:3)
  10 bullfrogs
  2 necrophages
  A scorpion (D:5)
  2 earth elementals
  9 wights
  7 killer bees
  The ghost of Wentworth the Ducker, a weakling DsGl of Gozag (D:3)
  5 electric eels
  2 vampire bats (Orc:1)
  4 howler monkeys
  3 komodo dragon simulacra (IceCv)
  6 hounds
  A jelly (D:8)
  A gnoll bouda (D:8)
  4 orc priests
  Natasha (thrice) (D:4)
  2 iguanas
  5 orc wizards
  A mummy (Ossuary)
  Robin (D:3)
  4 acid dragon simulacra (IceCv)
  11 gnolls
  5 adders
  2 white imps (D:6)
  2 ufetubi
  3 steam dragon simulacra (IceCv)
  2 worms
  3 dart slugs
  11 orcs
  12 bats
  6 endoplasms
  3 giant cockroaches
  15 goblins
  6 hobgoblins
  12 jackals
  2 quokkas (D:4)
  9 ball pythons
  7 frilled lizards
  7 gnoll skeletons (Ossuary)
  9 kobolds
  5 kobold skeletons (Ossuary)
  13 orc skeletons (Ossuary)
  4 rats
1003 creatures vanquished.

Vanquished Creatures (collateral kills)
  The ghost of Mikey69 the Conqueror, a legendary DsBe of Trog (Zot:2)
  4 orbs of fire
  Mennas (Vaults:4)
  Parghit (Depths:4)
  A Killer Klown (Zot:5)
  11 golden dragons
  3 electric golems
  A bone dragon (Depths:4)
  11 tentacled monstrosities
  An Orb Guardian (Zot:5)
  2 liches
  A deep elf blademaster (Elf:3)
  3 quicksilver dragons
  3 titans (Vaults:5)
  3 sphinxes
  6 death cobs
  Gastronok (D:9)
  5 tengu reavers
  6 shadow dragons
  7 storm dragons
  Roxanne (Elf:2)
  Donald (Elf:2)
  3 fire giants
  8 draconian monks
  2 draconian knights
  2 deep elf sorcerers
  7 vault wardens
  3 emperor scorpions
  5 frost giants
  An orc warlord (Vaults:3)
  3 draconian scorchers
  2 ghost moths
  A draconian annihilator (Zot:2)
  2 draconian shifters
  4 draconian stormcallers (Depths:4)
  2 spriggan defenders (Depths:2)
  3 war gargoyles
  2 vampire knights
  11 ironbound preservers
  10 stone giants
  4 very ugly things
  2 ironbound thunderhulks
  2 deep elf demonologists
  Azrael (D:14)
  5 green draconians
  5 entropy weavers
  8 dire elephants
  An eleionoma (Swamp:3)
  2 deep elf annihilators (Elf:3)
  6 black draconians
  5 purple draconians
  7 red draconians
  A minotaur (Gauntlet)
  6 yellow draconians
  4 ettins
  4 white draconians
  2 fire dragons (Swamp:4)
  6 spark wasps
  Josephine (Lair:5)
  A deep elf death mage (Elf:3)
  A deep elf high priest (Elf:3)
  2 great orbs of eyes
  A merfolk javelineer (Depths:3)
  10 vault guards
  8 orc knights
  5 yaktaur captains
  4 ice dragons
  18 hydras
  A catoblepas (Lair:5)
  3 radroaches
  3 spriggan air magi
  7 ironbound frosthearts
  A jorogumo (Spider:3)
  2 centaur warriors
  6 two-headed ogres
  A radroach (shapeshifter) (Vaults:4)
  A deep troll shaman (Depths:4)
  5 alligators
  12 dancing weapons (Elf:2)
  7 death yaks
  4 spriggan berserkers
  A deep troll earth mage (Depths:3)
  6 hell knights (Depths:2)
  Urug (Lair:4)
  4 deep elf knights (Elf:2)
  3 pharaoh ants (Spider:4)
  A fire crab (Swamp:4)
  A sixfirhy (Depths:2)
  A skeletal warrior (D:15)
  35 deep trolls
  3 goliath frogs
  2 iron trolls
  5 large abominations (Depths:3)
  2 spriggan druids
  5 steelbarb worms
  5 orb spiders
  A wizard (Depths:2)
  An obsidian statue (Elf:3)
  3 phantasmal warriors
  2 glowing orange brains
  2 deep elf archers
  6 swamp dragons
  3 lindwurms (Vaults:3)
  8 ironbound convokers
  2 bog bodies
  10 wolf spiders
  14 deep elf pyromancers
  12 deep elf zephyrmancers
  3 necromancers
  A manticore (D:12)
  A shining eye (shapeshifter) (Vaults:5)
  10 ugly things
  A cyclops (shapeshifter) (Vaults:5)
  A human skeleton (Vaults:3)
  A cyclops (D:13)
  An elephant (shapeshifter) (Vaults:5)
  16 moths of wrath
  2 guardian serpents
  Joseph (Lair:1)
  8 vault sentinels
  3 black mambas
  8 elephants
  An eye of devastation (shapeshifter) (Vaults:4)
  2 torpor snails
  5 cane toads
  Maggie (D:8)
  2 gargoyles
  2 freezing wraiths
  A cane toad (shapeshifter) (D:15)
  A tengu conjurer (D:14)
  3 rime drakes
  2 unseen horrors
  8 demonic crawlers
  10 yaktaurs
  4 komodo dragons
  A red devil (Depths:2)
  An elf skeleton (Vaults:3)
  2 meliai (Spider:2)
  6 trolls
  A polar bear (Lair:4)
  2 tyrant leeches (Lair:3)
  A polar bear (shapeshifter) (D:15)
  16 tarantellas
  8 hornets
  6 dream sheep (Lair:3)
  17 slime creatures
  3 blink frogs (Lair:3)
  A dream sheep (shapeshifter) (Vaults:5)
  6 spriggans
  18 jumping spiders
  A shadow (D:12)
  12 culicivoras
  2 wraiths
  A wyvern (Lair:2)
  A basilisk (D:7)
  2 vampires (Vaults:3)
  27 yaks
  2 fire bats (Swamp:4)
  6 fire elementals
  3 chaos spawn (D:11)
  23 redbacks
  3 steam dragons (Swamp:4)
  9 vampire mosquitoes
  2 small abominations (Depths:3)
  6 swamp worms
  5 wargs (Orc:2)
  5 water moccasins
  3 hell hounds
  A floating eye (Vaults:4)
  3 swamp drakes (Swamp:4)
  A black bear (Lair:5)
  10 orc warriors
  A sky beast (D:8)
  2 ice beasts
  9 wolves
  5 ogres
  7 centaurs
  A phantom (D:5)
  4 earth elementals
  5 bullfrogs
  5 wights (D:7)
  2 killer bees (D:8)
  2 howler monkeys (D:7)
  An electric eel (D:8)
  A jelly (D:5)
  2 lava snakes (D:13)
  A hound (D:5)
  2 orc priests
  A gnoll bouda (D:5)
  2 iguanas
  7 orc wizards
  4 adders
  5 gnolls
  22 orcs
  2 kobolds (D:10)
  A spectral orc (D:4)
  A fire vortex (D:13)
870 creatures vanquished.

Vanquished Creatures (others)
  8 orc warlords
  A stone giant (Vaults:5)
  5 hydras
  4 orc sorcerers
  3 deep elf knights
  8 orc knights
  2 wizards (D:13)
  A bog body (Swamp:2)
  27 orc warriors
  A deep elf pyromancer (Elf:1)
  3 bloated husks
  A jumping spider (Spider:4)
  A spriggan (Swamp:3)
  A wyvern (Elf:2)
  A steam dragon (Swamp:4)
  2 swamp worms (Swamp:3)
  2 swamp drakes (Swamp:4)
  13 orc priests
  9 orc wizards
  An iguana (D:4)
  63 orcs
  4 foxfires (Swamp:1)
  48 fungi
  81 plants
290 creatures vanquished.

Grand Total: 2163 creatures vanquished

Notes
Turn   | Place    | Note
-------+----------+-------------------------------------------
     0 | D:1      | LustLizard the Hill Orc Monk began the quest for the Orb.
     0 | D:1      | Reached XP level 1. HP: 19/19 MP: 1/1
   277 | D:1      | Reached XP level 2. HP: 27/27 MP: 2/2
   376 | D:1      | Reached skill level 4 in Fighting
   634 | D:1      | Reached skill level 5 in Axes
   680 | D:1      | Reached XP level 3. HP: 33/33 MP: 3/3
  1362 | D:2      | Reached XP level 4. HP: 38/41 MP: 4/4
  1943 | D:3      | Noticed Robin
  2013 | D:3      | Found a faded altar of an unknown god.
  2589 | D:3      | Reached XP level 5. HP: 47/47 MP: 5/5
  3102 | D:3      | Reached skill level 5 in Fighting
  3149 | D:3      | Found Mysoorgh's Magic Scroll Shop.
  3151 | D:3      | Identified the +12 dagger "Kef Xuet" {flame, Int+4 Stlth+}
  3158 | D:3      | Killed Robin
  3335 | D:3      | Noticed Wentworth's ghost (weakling DsGl)
  3338 | D:3      | Found a runed translucent door.
  3658 | D:4      | Found an opulent altar of Gozag.
  3744 | D:4      | Found a sand-covered staircase.
  3790 | D:4      | Became a worshipper of Beogh the Brigand
  3790 | D:4      | Reached * piety under Beogh
  3790 | D:4      | Reached ** piety under Beogh
  3805 | Ossuary  | Entered an ossuary
  3805 | Ossuary  | Noticed a wraith
  3805 | Ossuary  | Noticed a wraith
  3805 | Ossuary  | Noticed a wraith
  3840 | Ossuary  | Reached XP level 6. HP: 56/56 MP: 6/6
  3941 | Ossuary  | Noticed a wraith
  4053 | D:4      | Noticed Sigmund
  4074 | D:4      | Killed Sigmund
  4334 | D:4      | Noticed Natasha
  4349 | D:4      | Killed Natasha
  4350 | D:4      | Reached XP level 7. HP: 40/62 MP: 7/7
  4355 | D:4      | Reached skill level 6 in Fighting
  4355 | D:4      | Noticed Natasha
  4363 | D:4      | Killed Natasha
  4414 | D:4      | Noticed Natasha
  4428 | D:4      | Killed Natasha
  4428 | D:4      | Reached *** piety under Beogh
  4429 | D:4      | Reached skill level 1 in Armour
  4799 | D:4      | Found a burning altar of Makhleb.
  4837 | D:4      | Noticed Blork the orc
  4858 | D:4      | Killed Blork the orc
  5383 | D:4      | Found a basalt altar of Yredelemnul.
  5521 | D:5      | Entered Level 5 of the Dungeon
  5762 | D:5      | Found a stormy altar of Qazlal.
  5790 | D:5      | Found an iron altar of Okawaru.
  5808 | D:5      | Reached XP level 8. HP: 36/71 MP: 8/8
  6005 | D:5      | Found a white marble altar of Elyvilon.
  6035 | D:5      | Reached skill level 10 in Axes
  6253 | D:5      | Found a sparkling altar of Nemelex Xobeh.
  6290 | D:5      | Reached skill level 7 in Fighting
  7274 | D:6      | Killed an unseen horror
  7569 | D:6      | Reached XP level 9. HP: 75/81 MP: 9/9
  7975 | D:7      | Reached **** piety under Beogh
  7979 | D:7      | Reached skill level 8 in Fighting
  7982 | D:7      | Found a blossoming altar of Fedhas.
  8012 | D:7      | Reached skill level 5 in Armour
  8094 | D:7      | Gained Wulfoc as an ally
  8508 | D:7      | Found a shadowy altar of Dithmenos.
  8601 | D:7      | Found a staircase to the Ecumenical Temple.
  8890 | D:8      | Found a bloodstained altar of Trog.
  8937 | D:8      | Found a hazy altar of Hepliaklqana.
  9149 | D:8      | Noticed Maggie
  9156 | D:8      | Killed Maggie
  9258 | D:8      | Reached skill level 9 in Fighting
  9398 | D:8      | Gained Boldo as an ally
  9648 | D:8      | Reached XP level 10. HP: 57/91 MP: 10/10
  9891 | D:8      | Noticed a two-headed ogre
  9901 | D:8      | Killed a two-headed ogre
 10093 | D:8      | Noticed a two-headed ogre
 10100 | D:8      | Killed a two-headed ogre
 10291 | D:8      | Reached skill level 10 in Fighting
 11270 | D:9      | Reached skill level 15 in Axes
 11358 | D:9      | Noticed Gastronok
 11380 | D:9      | Killed Gastronok
 11707 | D:9      | Found Ummoanlo's Antique Weapon Shop.
 11727 | D:9      | Reached ***** piety under Beogh
 11728 | D:9      | Reached XP level 11. HP: 74/101 MP: 11/11
 12066 | D:9      | Found a hide-covered altar of Uskayaw.
 12426 | D:10     | Entered Level 10 of the Dungeon
 12545 | D:10     | Found a broken altar of Ashenzari.
 12950 | D:10     | Reached skill level 11 in Fighting
 13317 | D:10     | Found a staircase to the Orcish Mines.
 13686 | D:11     | Found a shimmering altar of Xom.
 13688 | D:11     | Noticed a two-headed ogre
 13695 | D:11     | Killed a two-headed ogre
 13696 | D:11     | Found the +7 mace of Variability {chain chaos}
 13697 | D:11     | Noticed a two-headed ogre
 13703 | D:11     | Killed a two-headed ogre
 13710 | D:11     | Identified the +2 mace "Qar Hoc" {vorpal, MP+9}
 14192 | D:11     | Found a staircase to the Lair.
 14395 | D:12     | Noticed a two-headed ogre
 14395 | D:12     | Noticed a deep elf pyromancer
 14399 | D:12     | Killed a deep elf pyromancer
 14400 | D:12     | Found a frozen archway.
 14402 | D:12     | Killed a two-headed ogre
 14517 | D:12     | Noticed a manticore
 14533 | D:12     | Killed a manticore
 14625 | D:12     | Noticed a cyclops
 14632 | D:12     | Killed a cyclops
 14683 | IceCv    | Entered an ice cave
 15675 | D:12     | Killed a manticore
 15675 | D:12     | Noticed a two-headed ogre
 15680 | D:12     | Killed a two-headed ogre
 15681 | D:12     | Reached skill level 12 in Fighting
 15705 | D:12     | Reached XP level 12. HP: 61/112 MP: 12/12
 16265 | D:12     | Reached skill level 1 in Evocations
 16728 | Lair:1   | Entered Level 1 of the Lair of Beasts
 16754 | Lair:1   | Noticed Joseph
 16755 | Lair:1   | Noticed a four-headed hydra
 16770 | Lair:1   | Killed a four-headed hydra
 16773 | Lair:1   | Killed an orc knight
 16779 | Lair:1   | Killed Joseph
 16780 | Lair:1   | Reached skill level 1 in Spellcasting
 17236 | Lair:1   | You fall into a shaft and drop 1 floor!
 17337 | Lair:2   | Reached skill level 10 in Armour
 17462 | Lair:2   | Found a hole to the Spider Nest.
 17491 | Lair:2   | Your ally Boldo died
 17880 | Lair:2   | Noticed a six-headed hydra
 17886 | Lair:2   | Killed a six-headed hydra
 18050 | Lair:2   | Identified the +0 pair of boots of a sewer {rPois MP+9}
 18397 | Lair:2   | Reached skill level 5 in Evocations
 18842 | Lair:3   | Noticed a death yak
 18848 | Lair:3   | Noticed a death yak
 18848 | Lair:3   | Killed a death yak
 18849 | Lair:3   | Noticed a death yak
 18851 | Lair:3   | Noticed a death yak
 18852 | Lair:3   | Killed a death yak
 18853 | Lair:3   | Noticed a death yak
 18854 | Lair:3   | Noticed a death yak
 18854 | Lair:3   | Killed a death yak
 18857 | Lair:3   | Reached skill level 13 in Fighting
 18860 | Lair:3   | Killed a death yak
 18865 | Lair:3   | Killed a death yak
 18868 | Lair:3   | Noticed a six-headed hydra
 18870 | Lair:3   | Killed a death yak
 18873 | Lair:3   | Killed a seven-headed hydra
 18879 | Lair:3   | Reached XP level 13. HP: 37/122 MP: 9/17
 19298 | Lair:3   | Found a staircase to the Swamp.
 19725 | Lair:3   | Identified the +6 broad axe "Talofoku" {vorpal, rC+ Will+}
 19850 | Lair:3   | Gained Dorog as an ally
 20677 | Lair:4   | Noticed Urug
 20685 | Lair:4   | Killed Urug
 20686 | Lair:4   | Reached skill level 5 in Dodging
 20958 | Lair:4   | Noticed Nessos
 20968 | Lair:4   | Killed Nessos
 20983 | Lair:4   | Reached ****** piety under Beogh
 21360 | Lair:4   | Noticed an ice dragon
 21369 | Lair:4   | Killed an ice dragon
 21385 | Lair:4   | Identified the ring "Muoblusm" {rElec MP-9 Str+6 Dex+4}
 21387 | Lair:4   | Identified the ring "Rilaptij" {Fire *Corrode rN++ Slay+2}
 21391 | Lair:4   | Got the Discourse on Ghastly Curses
 21613 | Lair:5   | Entered Level 5 of the Lair of Beasts
 21644 | Lair:5   | Noticed Josephine
 21654 | Lair:5   | Killed Josephine
 21688 | Lair:5   | Identified the +6 short sword of Mastery {antimagic, rPois
                  | Int+4 Dex-5 SInv}
 21799 | Lair:5   | Reached skill level 14 in Fighting
 21871 | Lair:5   | Identified 2 scrolls of acquirement
 21872 | Lair:5   | Acquired the +1 pair of gloves "Kide" {Int+3 Slay+3}
 22078 | Lair:5   | Reached XP level 14. HP: 107/132 MP: 16/21
 22387 | Lair:5   | Reached skill level 5 in Spellcasting
 23108 | Lair:5   | Found a staircase to the Slime Pits.
 23344 | Lair:1   | Reached skill level 10 in Evocations
 23760 | Lair:1   | Noticed Grum
 23768 | Lair:1   | Killed Grum
 24165 | D:3      | Killed Wentworth's ghost
 25207 | D:13     | Found a gate to the Vaults.
 25863 | D:14     | Reached skill level 15 in Fighting
 25886 | D:14     | Noticed Azrael
 25895 | D:14     | Killed Azrael
 25900 | D:14     | Gained Bogmar as an ally
 26089 | D:14     | Found a gate leading to a gauntlet.
 26123 | Gauntlet | Entered a Gauntlet
 26123 | Gauntlet | Found a transporter.
 26123 | Gauntlet | Found a transporter.
 26123 | Gauntlet | Found a transporter.
 26271 | Gauntlet | Found a transporter.
 26272 | Gauntlet | Found a transporter.
 26308 | Gauntlet | Found a transporter.
 26377 | Gauntlet | Found a transporter.
 26401 | Gauntlet | Found a transporter.
 26416 | Gauntlet | Found a transporter.
 26436 | Gauntlet | Found a transporter.
 26448 | Gauntlet | Found a transporter.
 26454 | Gauntlet | Found a transporter.
 26523 | Gauntlet | Gained Boghold as an ally
 26553 | Gauntlet | Identified the +1 cloak of the Watchman {Str+5}
 26599 | Gauntlet | Your ally Boghold died
 26607 | Gauntlet | Got the Guide on Geology and Blasts
 27113 | D:14     | Gained Wargrak as an ally
 27659 | Orc:1    | Entered Level 1 of the Orcish Mines
 27764 | Orc:1    | Gained Wargrak as an ally
 27765 | Orc:1    | Noticed an orc warlord
 27769 | Orc:1    | Your ally Wargrak died
 27775 | Orc:1    | Reached XP level 15. HP: 68/141 MP: 11/24
 28193 | Orc:2    | Entered Level 2 of the Orcish Mines
 28240 | Orc:2    | Found Wikk's Antique Armour Emporium.
 28399 | Orc:2    | Found a radiant altar of Vehumet.
 28438 | Orc:2    | Found a staircase to the Elven Halls.
 28484 | Orc:2    | Gained Orgrim as an ally
 28557 | Orc:2    | Found Engo's General Store.
 28563 | Orc:2    | Bought a scroll of blinking for 112 gold pieces
 28569 | Orc:2    | Found Haditoso's Antique Weapon Boutique.
 28767 | Orc:2    | Found Seiggul's General Store.
 28767 | Orc:2    | Found Fugobab's Book Shoppe.
 28897 | Orc:2    | Found a roughly hewn altar of Beogh.
 29016 | Orc:2    | Acquired 525 gold pieces
 29057 | Orc:2    | Learned a level 6 spell: Statue Form
 29057 | Orc:2    | Bought the +0 plate armour "Ruitid" {Will+ MP+9 Int+3
                  | Dex+4} for 1038 gold pieces
 29099 | Orc:2    | Bought the +8 arbalest of Caejate {venom, rPois Dex+6} for
                  | 1038 gold pieces
 29368 | D:15     | Entered Level 15 of the Dungeon
 29450 | D:15     | Reached skill level 1 in Earth Magic
 29481 | D:15     | Reached skill level 1 in Transmutations
 29494 | D:15     | Your ally Dorog died
 29621 | D:15     | Found a staircase to the Depths.
 30321 | D:15     | Reached skill level 10 in Dodging
 30359 | D:15     | Found a runed translucent door.
 30360 | D:15     | Noticed a frost giant
 30361 | D:15     | Noticed a lich
 30364 | D:15     | Found a runed translucent door.
 30481 | D:15     | Noticed Jiecrehi's ghost (journeyman DDFi)
 30711 | D:15     | Killed Jiecrehi's ghost
 30727 | D:15     | Killed a lich
 30743 | D:15     | Killed a frost giant
 31495 | Swamp:1  | Entered Level 1 of the Swamp
 31504 | Swamp:1  | Reached skill level 1 in Invocations
 31674 | Swamp:1  | Gained Arbeogh as an ally
 32859 | Swamp:3  | Reached skill level 5 in Invocations
 32878 | Swamp:3  | Gained Oreg as an ally
 32880 | Swamp:3  | Your ally Oreg died
 32880 | Swamp:3  | Your ally Wulfoc died
 32884 | Swamp:3  | Reached XP level 16. HP: 15/151 MP: 5/26
 33281 | Swamp:3  | Gained Ugrim as an ally
 33301 | Swamp:3  | Your ally Wargrak died
 33470 | Swamp:3  | Reached skill level 16 in Fighting
 33677 | Swamp:3  | Got the Octavo of Vapour
 34078 | Swamp:4  | Entered Level 4 of the Swamp
 34079 | Swamp:4  | Acquired a manual of Evocations
 34084 | Swamp:4  | Your ally Ugrim died
 34526 | Swamp:4  | Gained Gorg as an ally
 35037 | Swamp:4  | Got a decaying rune of Zot
 35557 | Spider:1 | Entered Level 1 of the Spider Nest
 35734 | Spider:1 | Gained Urtork as an ally
 35935 | Spider:1 | Identified the +7 chain mail "Sucephoc" {*Corrode Regen+
                  | Int+2}
 36668 | Spider:2 | Reached skill level 10 in Invocations
 36899 | Spider:2 | Reached skill level 1 in Shields
 38436 | Spider:3 | Reached skill level 17 in Fighting
 38607 | Spider:3 | Reached XP level 17. HP: 160/161 MP: 27/27
 39014 | Spider:4 | Entered Level 4 of the Spider Nest
 39026 | Spider:4 | Gained Morguth as an ally
 39709 | Spider:4 | Gained Borgun as an ally
 40162 | Spider:4 | Reached skill level 5 in Shields
 40182 | Spider:4 | Your ally Orgrim died
 40183 | Spider:4 | Your ally Borgun died
 40438 | Spider:4 | Identified the +0 pair of gloves of Qefralow {Harm rN++
                  | Regen+ Int-3}
 40444 | Spider:4 | Got a gossamer rune of Zot
 40445 | Spider:4 | Identified the +0 hat of Disappointment {Rampage Str+3}
 41069 | Vaults:1 | Entered Level 1 of the Vaults
 41136 | Vaults:1 | Found a magical portal.
 41177 | WizLab   | Entered Yara's Duelist Academy
 41183 | WizLab   | Noticed a quicksilver dragon
 41187 | WizLab   | Killed a quicksilver dragon
 41932 | Vaults:1 | Reached skill level 18 in Fighting
 42512 | Vaults:1 | Identified the +0 robe of the Equator {SInv Stlth+}
 42521 | Vaults:1 | Reached skill level 15 in Evocations
 42522 | Vaults:1 | Reached XP level 18. HP: 131/172 MP: 28/28
 43476 | Vaults:2 | Learned a level 4 spell: Airstrike
 43484 | Vaults:2 | Learned a level 7 spell: Summon Hydra
 43674 | Vaults:2 | Reached skill level 1 in Summonings
 43890 | Vaults:2 | Got the Tome of Kindling and Grit
 44367 | Vaults:2 | Gained Bogbarth as an ally
 45207 | Vaults:3 | Gained Borgun as an ally
 45415 | Vaults:3 | Reached skill level 5 in Summonings
 45969 | Vaults:3 | Reached skill level 19 in Fighting
 46089 | Vaults:3 | Reached XP level 19. HP: 168/182 MP: 29/29
 46707 | Vaults:3 | Found a staircase to the Crypt.
 47107 | Vaults:4 | Noticed Mennas
 47111 | Vaults:4 | Killed Mennas
 47442 | Vaults:4 | Gained Norbak as an ally
 48632 | Vaults:4 | Reached skill level 10 in Shields
 48961 | Vaults:4 | Noticed a tentacled monstrosity
 48968 | Vaults:4 | Killed a tentacled monstrosity
 49297 | Vaults:4 | Identified the ring of Huano Ameot {Wiz rF- rC+ Str+7
                  | Dex+3}
 49544 | Vaults:4 | Found the +1 cloak of Starlight {*Dazzle EV+4 Stlth--}
 49600 | Vaults:4 | Identified the +7 falchion "Qomudey" {flame, rC+ Will+
                  | Dex-5 Stlth+}
 50067 | Depths:1 | Entered Level 1 of the Depths
 50476 | Depths:1 | Found a gateway to Hell.
 51263 | Depths:2 | Your ally Gorg died
 51721 | Depths:2 | Reached XP level 20. HP: 173/185 MP: 30/30
 52220 | Depths:2 | Found a one-way gate leading to the halls of Pandemonium.
 52498 | Depths:2 | Found a one-way gate to the infinite horrors of the Abyss.
 53368 | Depths:3 | Found Naonam's Distillery.
 53612 | Depths:3 | Gained Syrus as an ally
 53612 | Depths:3 | Gained Bogbarth as an ally
 53837 | Depths:3 | Reached skill level 10 in Summonings
 54063 | Depths:3 | Acquired the ring "Duwaitu" {rElec AC+4 Str+2 Dex+5}
 54116 | Depths:3 | Found a one-way gateway to a ziggurat.
 54119 | Depths:3 | Paralysed by a floating eye for 2 turns
 54147 | Depths:3 | Paralysed by a floating eye for 2 turns
 54155 | Depths:3 | Paralysed by a floating eye for 3 turns
 54191 | Depths:3 | Paralysed by a floating eye for 3 turns
 54199 | Depths:3 | Paralysed by a floating eye for 3 turns
 54203 | Depths:3 | Paralysed by a floating eye for 4 turns
 54233 | Depths:3 | Found a white marble altar of Elyvilon.
 54251 | Depths:3 | Reached skill level 20 in Fighting
 54347 | Depths:3 | Reached skill level 15 in Armour
 54737 | Depths:3 | Found the +6 Majin-Bo {vamp, MP+6 Int+6}
 54962 | Depths:4 | Entered Level 4 of the Depths
 54962 | Depths:4 | Noticed Parghit
 54966 | Depths:4 | Killed Parghit
 55005 | Depths:4 | Noticed a bone dragon
 55017 | Depths:4 | Killed a bone dragon
 55051 | Depths:4 | Your ally Bogbarth died
 55397 | Depths:4 | Found a gate to the Realm of Zot.
 55581 | Depths:4 | Found a glowing silver altar of Zin.
 56559 | Elf:1    | Entered Level 1 of the Elven Halls
 57079 | Elf:1    | Got the Writings on Adjuration
 57131 | Elf:1    | Identified the +3 war axe "Weos" {vorpal, Fly Str+2}
 57257 | Elf:1    | Found a runed translucent door.
 57257 | Elf:1    | Found a shimmering altar of Xom.
 57257 | Elf:1    | Noticed Smersh616's ghost (adept DrDe)
 57257 | Elf:1    | Identified the +6 scimitar of the Nexus {chaos, rElec rPois
                  | Str+4}
 57265 | Elf:1    | Killed Smersh616's ghost
 57274 | Elf:1    | Identified the +1 trident "Dalaezia" {pain, Will+ Str-5
                  | Dex+7}
 57401 | Elf:1    | Noticed Louise
 57410 | Elf:1    | Killed Louise
 57654 | Elf:2    | Noticed Donald
 57663 | Elf:2    | Killed Donald
 57975 | Elf:2    | Reached XP level 21. HP: 202/202 MP: 31/31
 58005 | Elf:2    | Found a runed translucent gate.
 58005 | Elf:2    | Found a runed translucent gate.
 58005 | Elf:2    | Found a runed translucent gate.
 58086 | Elf:2    | Found a runed translucent door.
 58486 | Elf:2    | Identified Roxanne's Teachings on Transmutation
 58486 | Elf:2    | Noticed Roxanne
 58498 | Elf:2    | Killed Roxanne
 60049 | D:3      | Bought a scroll of enchant weapon for 75 gold pieces
 60049 | D:3      | Bought a scroll of enchant armour for 75 gold pieces
 60677 | Vaults:4 | Learned a level 6 spell: Summon Cactus Giant
 60685 | Vaults:5 | Entered Level 5 of the Vaults
 60691 | Vaults:5 | Gained Geork as an ally
 60694 | Vaults:5 | Your ally Geork died
 60935 | Vaults:5 | Your ally Syrus died
 60964 | Vaults:5 | Noticed a golden dragon
 60973 | Vaults:5 | Killed a golden dragon
 60977 | Vaults:5 | Your ally Morguth died
 61279 | Vaults:5 | Got a silver rune of Zot
 61573 | Vaults:5 | Identified the +0 war axe of Qaluckopt {vorpal, rElec}
 61886 | Vaults:5 | Found Vizeadiu's Jewellery Boutique.
 61967 | Vaults:5 | Reached XP level 22. HP: 203/211 MP: 32/32
 62259 | Vaults:5 | Got Qerruonn's Commentary on Blasts
 62478 | Vaults:5 | Identified the +6 trident of the Burning Saviour {vamp,
                  | Str+5}
 63026 | Elf:3    | Entered Level 3 of the Elven Halls
 63026 | Elf:3    | Found a runed translucent gate.
 63026 | Elf:3    | Found a runed translucent gate.
 63026 | Elf:3    | Found an opulent altar of Gozag.
 63187 | Elf:3    | Found a runed translucent gate.
 63188 | Elf:3    | Noticed cowcol's ghost (adept MiFi)
 63730 | Elf:3    | Gained Learuk as an ally
 63976 | Elf:3    | Identified the +1 pair of gloves "Tuggigiz" {Dex+3 Stlth+}
 64083 | Elf:3    | Reached skill level 15 in Summonings
 64396 | Elf:3    | Found the +9 scales of the Dragon King {rPois rF+ rC+
                  | Will+}
 64526 | Elf:3    | Identified the +2 pair of gloves of Yraecuz {+Blink Regen+}
 64562 | Elf:3    | Got Sif Muna's Precepts of Morality
 64570 | Elf:3    | Identified the +5 storm dragon scales of Privacy {rElec
                  | Str+5 Int+6}
 64574 | Elf:3    | Identified the amulet of the Genius {Faith Fly rC+}
 64575 | Elf:3    | Identified the +5 war axe of Turmoil {speed, Dex+4 Stlth+}
 64583 | Elf:3    | Identified the ring "Besus" {Will+ rCorr MP+9}
 64660 | Elf:3    | Identified the amulet of Carho {RegenMP *Slow rPois Will+}
 65200 | Elf:3    | Paralysed by an air elemental for 1 turns
 65216 | Elf:3    | Your ally Learuk died
 65235 | Elf:3    | Killed cowcol's ghost
 66060 | Zot:1    | Entered Level 1 of the Realm of Zot
 66111 | Zot:1    | Noticed a golden dragon
 66121 | Zot:1    | Killed a golden dragon
 66395 | Zot:1    | Noticed a golden dragon
 66398 | Zot:1    | Noticed a golden dragon
 66401 | Zot:1    | Killed a golden dragon
 66415 | Zot:1    | Killed a golden dragon
 66948 | Zot:1    | Identified the +0 great sword "Jomp" {vorpal, Fragile rElec
                  | Str+3}
 67037 | Zot:1    | Identified the +1 hand axe of Punishment {vorpal, Fly rElec
                  | rN+}
 67038 | Zot:1    | Identified the ring of Arrival {rC+ Str+6 Dex-3 Slay+4}
 67887 | Zot:2    | Found a runed translucent gate.
 67887 | Zot:2    | Found a runed translucent gate.
 67890 | Zot:2    | Noticed Mikey69's ghost (legendary DsBe)
 67891 | Zot:2    | Found a runed translucent gate.
 68133 | Zot:2    | Noticed a golden dragon
 68138 | Zot:2    | Killed a golden dragon
 68196 | Zot:2    | Reached XP level 23. HP: 210/211 MP: 33/33
 68209 | Zot:2    | Noticed a curse toe
 68218 | Zot:2    | Reached skill level 15 in Shields
 68223 | Zot:2    | Killed a curse toe
 68743 | Zot:2    | Noticed an orb of fire
 68753 | Zot:2    | Killed an orb of fire
 69004 | Zot:2    | Killed Mikey69's ghost
 69257 | Zot:3    | Noticed a golden dragon
 69268 | Zot:3    | Your ally Arbeogh died
 69270 | Zot:3    | Killed a golden dragon
 70042 | Zot:3    | Identified the +6 scale mail "Ilov" {Rampage Regen+ Int-3
                  | SInv}
 70205 | Zot:4    | Noticed a golden dragon
 70214 | Zot:4    | Killed a golden dragon
 70422 | Zot:4    | Noticed an orb of fire
 70429 | Zot:4    | Killed an orb of fire
 70447 | Zot:4    | Noticed a golden dragon
 70458 | Zot:4    | Killed a golden dragon
 70993 | Zot:4    | Noticed a golden dragon
 70995 | Zot:4    | Noticed a golden dragon
 70995 | Zot:4    | Noticed a golden dragon
 70998 | Zot:4    | Killed a golden dragon
 71002 | Zot:4    | Killed a golden dragon
 71004 | Zot:4    | Killed a golden dragon
 71420 | Zot:5    | Entered Level 5 of the Realm of Zot
 71430 | Zot:5    | Your ally Norbak died
 71587 | Zot:5    | Noticed a Killer Klown
 71587 | Zot:5    | Noticed a golden dragon
 71588 | Zot:5    | Noticed a Killer Klown
 71592 | Zot:5    | Killed a golden dragon
 71595 | Zot:5    | Killed a Killer Klown
 71608 | Zot:5    | Killed a Killer Klown
 72341 | Zot:5    | Found a runed translucent gate.
 72341 | Zot:5    | Found a runed translucent gate.
 72345 | Zot:5    | Found a runed translucent gate.
 72348 | Zot:5    | Noticed AverageBear's ghost (legendary DsFi)
 73006 | Zot:5    | Found a viscous altar of Jiyva.
 73548 | Zot:5    | Noticed an orb of fire
 73548 | Zot:5    | Noticed a Killer Klown
 73549 | Zot:5    | Noticed a Killer Klown
 73550 | Zot:5    | Noticed an orb of fire
 73551 | Zot:5    | Your ally Urtork died
 73552 | Zot:5    | Noticed an orb of fire
 73552 | Zot:5    | Noticed a golden dragon
 73555 | Zot:5    | Noticed an orb of fire
 73556 | Zot:5    | Killed an orb of fire
 73557 | Zot:5    | Reached XP level 24. HP: 128/226 MP: 33/33
 73557 | Zot:5    | Noticed an orb of fire
 73557 | Zot:5    | Killed an orb of fire
 73564 | Zot:5    | Killed a Killer Klown
 73567 | Zot:5    | Your ally Bogbarth died
 73569 | Zot:5    | Killed from afar by an orb of fire

Illustrated notes

Levels and vault maps discovered:
D:1:      wander_arrival_estate, layout_rooms
D:2:      layout_basic
D:3:      layout_rooms, shapermc_ecumenical_altar_starsandcircs,
          hellmonk_ghost_happy_afterlife, serial_shops, shop, uniq_robin
D:4:      layout_loops_corners, yredelemnul_forgotten_temple_becter,
          nicolae_overflow_hidden_temple, grunt_gozag_statues,
          nicolae_ossuary_entry_ruins, hangedman_abyss_or_decor_stagger,
          uniq_blork_the_orc, uniq_natasha, uniq_sigmund
D:5:      layout_rooms, old_standard_altar, kennysheep_mini_moat,
          kennysheep_okawaru_gauntlet, mainiacjoe_overflow_catwalk,
          minmay_misc_feat_plants
D:6:      layout_loops_ring
D:7:      layout_rooms, grunt_dithmenos_smoke, mainiacjoe_overflow_chevrons,
          minmay_temple_entry_overgrown
D:8:      layout_basic, mainiacjoe_overflow_brackets,
          nicolae_hepliaklqana_hazy_memory, grunt_ministairs_15, minmay_holes,
          kennysheep_opposing_triangles, uniq_maggie
D:9:      layout_loops_ring, mainiacjoe_overflow_alcove_4, serial_shops,
          nicolae_inconvenience_store, uniq_gastronok
D:10:     layout_long_grid, ashenzari_altar_1, david_orc_4
D:11:     layout_rooms, lair_entry_dummy, minmay_guarded_unrand_variability
D:12:     layout_basic, portal_ice_cave_entry_pillars_2,
          nrook_guardian_serpent_double
D:13:     layout_basic, grunt_vaults_entry_fortified
D:14:     layout_basic, gauntlet_entry_generic, infiniplex_staircase_zigzag_2,
          uniq_azrael
D:15:     hangedman_depths_entry_try_elsewhere_first, layout_cave_pods,
          muffindrake_ghost_dual_entry, dreamdust_wishing_well
Lair:1:   layout_cave_pods, grunt_megastairs_2, infiniplex_staircase_pool_2,
          uniq_grum, uniq_joseph
Lair:2:   statuecave_lemuel, layout_cave_pods, spider_nest_entry_a,
          lemuel_old_faithful, grunt_megastairs_1
Lair:3:   layout_cave_pods, minmay_swamp_entry_worms, grunt_megastairs_3,
          serial_bayou_shore_b
Lair:4:   dragon1_lemuel, layout_misc_corridors, chequers_serial_rivers_micro_c,
          serial_bayou_shore_a, lemuel_fruit_fields, grunt_megastairs_5,
          uniq_nessos, uniq_urug
Lair:5:   grunt_lair_end_beastmaster, layout_regular_city,
          dpeg_slime_entry_enclosed, fungi_pond_lemuel, uniq_josephine
Swamp:1:  layout_basic_swamp, evilmike_swamp_ruin_house_5,
          infiniplex_staircase_pool
Swamp:2:  layout_falls_marsh, evilmike_swamp_ruin_house_4
Swamp:3:  layout_basic_swamp, evilmike_swamp_ruin_house_3, swamp_pool2,
          st_swamp_mini
Swamp:4:  swamp_fiery, layout_basic_swamp, swamp_pool2,
          nicolae_swamp_small_spring
Spider:1: layout_spider_delve, spiders_nest_hornet_nest
Spider:2: layout_chambers
Spider:3: layout_spider_delve
Spider:4: grunt_spider_rune_parallel
Orc:1:    layout_diamond_mine, roderic_batcave, uniq_sonja
Orc:2:    st_orc_town, layout_caves, serial_shops, shop_fountains, basic_altar
Elf:1:    eino_elf_arrival_customs, layout_geoelf_grid, ebering_ghost_xom,
          minmay_elf_demonology, nicolae_elf_big_sculpture_3, uniq_louise
Elf:2:    elven_hall_of_blades_hangedman_original
          [nicolae_blade_entry_hurt_lockers], layout_geoelf_diagonals,
          special_room [special_room_mythical_zoo], minivault_13, uniq_roxanne,
          uniq_donald
Elf:3:    elf_hall_gauntlet_wide, layout_geoelf_castle, ebering_ghost_gozag,
          st_stairs_10, nicolae_elf_deep_friendship
Vaults:1: infiniplex_enter_wizlab_glasses, dpeg_vaults_monster_box,
          st_spiral_rooms, v_alt_pattern_3, nicolae_vaults_three_branches,
          ontoclasm_vaults_gateway, nicolae_vaults_alarming,
          layout_vaults_omnigrid
Vaults:2: v_misc_13, v_misc_23, v_misc_4, vaults_mumra_chevron,
          vaults_room_grunt_arrival_checkpoint, nicolae_vaults_circle_grid_a,
          nicolae_vaults_mini_display_case, v_misc_23, layout_vaults_maze_snakey
Vaults:3: vaults_mumra_hexcomb, nicolae_vaults_little_squares_3,
          vaults_room_glass_cross, vaults_standard_mumra_x,
          minmay_crypt_entry_vampire_xt, nicolae_vaults_little_squares_6,
          v_rooms_4, v_misc_22, vaults_room_pools, v_misc_10, v_misc_9,
          v_alt_pattern_5, vaults_room_hallway, layout_vaults_omnicross
Vaults:4: ontoclasm_vaults_ring_large, v_misc_24, vaults_standard_mumra_lines,
          st_greater_box_3, nicolae_vaults_little_squares_1,
          vaults_room_large_hall, hangedman_vaults_impose,
          grunt_vaults_hallway_short, ontoclasm_vaults_decontamination,
          layout_vaults_chaotic_city, uniq_mennas
Vaults:5
Depths:1: layout_basic, hell_entry, kennysheep_just_a_vault
Depths:2: impenetrable_vault, layout_cave_shapes, hangedman_abyss_entry_splay,
          chequers_serial_rivers_marsh, pf_vacation_house_of_asmodeus,
          rand_demon_pan_entry_7
Depths:3: minmay_guarded_unrand_majin_bo, layout_basic, enter_ziggurat_c,
          hell_entry, minmay_room_of_horrors, serial_shops, shop,
          nicolae_elyvilon_peaceful_grove, minmay_staircase_bubble
Depths:4: evilmike_zot_entry_argh, layout_cave_shapes, hell_entry,
          reono_crystal_passage, chequers_serial_rivers_small_b, zin_academy,
          uniq_parghit
Zot:1:    kennysheep_oblong_rooms, layout_basic, skrybe_zot_glass_2
Zot:2:    layout_twisted_circle, ebering_ghost_rock_garden
Zot:3:    layout_misc_corridors, st_stairs_9
Zot:4:    layout_misc_corridors
Zot:5:    layout_gridlike, gammafunk_ghost_ooze

Skill      XL: |  1  2  3  4  5  6  7  8  9 10 11 12 13 14 15 16 17 18 19 20 21 22 23 |
---------------+----------------------------------------------------------------------+-----
Fighting       | 4 5 6 7 9 10 12 13 14 15 17 18 19 20 | 20.7
Axes           | 5 6 7 8 9 11 13 15 17 18 | 18.9
Armour         | 2 4 6 8 9 10 11 12 13 14 15 16 17 19 | 19.1
Evocations     | 6 9 11 12 15 16 17 18 | 18.5
Spellcasting   | 3 4 6 |  6.8
Dodging        | 3 7 9 10 11 | 11.4
Earth Magic    | 4 |  4.0
Transmutations | 3 |  3.0
Invocations    | 5 10 | 10.0
Shields        | 3 7 9 10 11 13 14 16 | 16.5
Summonings     | 5 9 11 14 16 18 | 18.7
Stealth        | |  1.5

Action                   |  1- 3 |  4- 6 |  7- 9 | 10-12 | 13-15 | 16-18 | 19-21 | 22-24 || total
-------------------------+-------+-------+-------+-------+-------+-------+-------+-------++-------
Melee: Hand axe          |   102 |   272 |    63 |       |       |       |       |       ||   437
       Punch             |       |     3 |     6 |    11 |    12 |       |       |       ||    32
       Mace              |       |       |   252 |   404 |    28 |       |       |       ||   684
       Great mace        |       |       |       |    43 |       |       |       |       ||    43
       Broad axe         |       |       |       |       |   554 |   628 |   842 |   700 ||  2724
Throw: Dart              |       |     1 |     2 |     7 |       |       |       |       ||    10
 Cast: Summon Cactus Gia |       |       |       |       |       |       |       |     2 ||     2
Invok: Convert to Beogh  |       |     1 |       |       |       |       |       |       ||     1
       Smiting           |       |       |       |     3 |     3 |       |     1 |       ||     7
       Give Item to Name |       |       |       |     1 |     3 |       |     7 |       ||    11
       Recall Orcish Fol |       |       |       |     2 |     3 |     6 |     6 |     5 ||    22
       Stop Recall       |       |       |       |     1 |       |       |       |       ||     1
Evoke: Wand              |       |       |       |    30 |    10 |    20 |    12 |     3 ||    75
       Phantom mirror    |       |       |       |       |     1 |       |     1 |     2 ||     4
       Box of beasts     |       |       |       |       |       |     1 |     1 |     3 ||     5
  Use: Scroll            |       |     6 |     5 |    12 |    18 |     3 |    11 |     7 ||    62
       Potion            |       |       |       |     2 |     9 |     8 |    10 |     8 ||    37
 Stab: Sleeping          |     3 |       |       |       |       |       |       |       ||     3
       Confused          |       |       |       |     1 |     5 |       |       |       ||     6
       Distracted        |       |       |       |     3 |    12 |    14 |    15 |     9 ||    53
       Petrified         |       |       |       |       |     3 |       |       |       ||     3
       Petrifying        |       |       |       |       |     1 |       |       |       ||     1
       Paralysed         |       |       |       |       |     2 |       |       |       ||     2
       Invisible         |       |       |       |       |       |       |     6 |       ||     6
Armor: Robe              |    10 |       |       |       |       |       |       |       ||    10
       Chain mail        |     9 |   175 |   282 |   354 |   153 |       |       |       ||   973
       Plate armour      |       |       |       |       |   141 |   352 |   181 |       ||   674
       Gold dragon scale |       |       |       |       |       |       |   264 |   421 ||   685
Dodge: Dodged            |    62 |    96 |   123 |   205 |   313 |   394 |   283 |   162 ||  1638
Block: Buckler           |       |       |       |       |    24 |   146 |       |       ||   170
       Kite shield       |       |       |       |       |       |    68 |   533 |   665 ||  1266
       Reflection        |       |       |       |       |       |       |       |    11 ||    11
